 Dungeon Crawl Stone Soup version 0.28.0 (webtiles) character file.

Game seed: 17980073920136597380

6 RighteousDevil the Skirmisher (level 1, -1/18 HPs)
             Began as a Demonspawn Cinder Acolyte on Feb 5, 2022.
             Was a High Priest of Ignis.
             Slain by a jackal (2 damage)
             ... on level 1 of the Dungeon.
             The game lasted 00:00:44 (278 turns).

RighteousDevil the Skirmisher (DsCA)                 Turns: 278, Time: 00:00:45

Health: -1/18      AC:  9    Str: 14    XL:     1   Next: 75%
Magic:  2/2        EV: 11    Int: 15    God:    Ignis [*****.]
Gold:   24         SH:  0    Dex:  8    Spells: 2/2 levels left

rFire   + . .      SeeInvis .   a - -1 mace (flame)
rCold   . . .      Faith    .   (no shield)
rNeg    . . .      Spirit   .   b - +0 robe
rPois   .          Reflect  .   (no helmet)
rElec   .          Harm     .   (no cloak)
rCorr   .          Rampage  .   (no gloves)
Will    .....                   (no boots)
Stlth   +.........              (no amulet)
HPRegen 0.06/turn               (no ring)
MPRegen 0.08/turn               (no ring)

@: fiery-armoured
A: no striking features
a: Renounce Religion, Fiery Armour, Foxfire Swarm, Rising Flame


You were on level 1 of the Dungeon.
You worshipped Ignis.
Ignis was extremely pleased with you.
You visited 1 branch of the dungeon, and saw 1 of its levels.

You collected 24 gold pieces.

Inventory:

Hand Weapons
 a - a -1 mace of flaming (weapon)
Armour
 b - a +0 robe (worn)
Scrolls
 c - a scroll of fog {unknown}
 d - 2 scrolls of identify {unknown}


   Skills:
 - Level 3.0 Fighting
 * Level 3.0 Maces & Flails
 - Level 1.0 Spellcasting
 + Level 2.8 Fire Magic


You had 2 spell levels left.
You didn't know any spells.
Your spell library contained the following spells:

 Spells                   Type           Power      Damage    Failure   Level
 Scorch                   Fire           18%        2d5       12%         2


Dungeon Overview and Level Annotations

Branches:
Dungeon (1/15)

Altars:


Message History

Your Maces & Flails skill increases to level 3!
You closely miss the jackal.
The goblin shouts!
The jackal barely misses you.
You closely miss the jackal.
The jackal bites you but does no damage. x2
You closely miss the goblin. The jackal barely misses you.
The goblin hits you with a +0 club. The jackal bites you.
You closely miss the goblin. The jackal bites you.
The goblin hits you with a +0 club.
The jackal bites you but does no damage.
You are too injured to fight recklessly!
You are too injured to fight recklessly!
You see here 13 gold pieces.
You now have 24 gold pieces (gained 13).
The jackal misses you. The goblin hits you with a +0 club.
The jackal barely misses you.
Found a stone staircase leading down.
The jackal bites you but does no damage.
You closely miss the jackal. The jackal bites you.
You closely miss the jackal. The jackal misses you.
The jackal bites you but does no damage.
You barely miss the jackal. The jackal bites you.
* * * LOW HITPOINT WARNING * * *
The jackal closely misses you.
The jackal bites you but does no damage.
The jackal bites you.
* * * LOW HITPOINT WARNING * * *
The jackal closely misses you.
You aren't carrying any potions.
Okay, then.
Activating: Foxfire Swarm
Press: ? - help, Dir - look around, f - activate Flames leap up around you!
The jackal closely misses you.
Your foxfire dissipates!
The jackal bites you but does no damage.
Your foxfire dissipates!
A protective cloak of flame settles atop you.
The jackal bites you.
You die...

.. ... # #. #.# ..#
#.#.##.# #.#
#....#.####.# ..
#......#.# #.###..##.#.#
#..#..###.#.#
#†..####.#.############
#............gh@......#
#..#####..###########..
#..#####..########
#................#######
..######..######.......#
### #..# #######.# #...
#.# #.#. #.######### #.
.# #..........


You could see a jackal and a goblin.

Vanquished Creatures
  An endoplasm (D:1)
  2 jackals (D:1)
  A kobold (D:1)
  A ball python (D:1)
5 creatures vanquished.

Notes
Turn   | Place    | Note
-------+----------+-------------------------------------------
     0 | D:1      | RighteousDevil the Demonspawn Cinder Acolyte began the
                  | quest for the Orb.
     0 | D:1      | Reached XP level 1. HP: 18/18 MP: 2/2
   278 | D:1      | Slain by a jackal

Illustrated notes

Levels and vault maps discovered:
D:1:      nicolae_arrival_washed_ashore, layout_loops_ring,
          ebering_ecumenical_altar_hall, grunt_decor_arrowhead, minmay_tall_x

Skill      XL: |  1 |
---------------+----+-----
Maces & Flails | 3 |  3.0
Fighting       | |  3.0
Spellcasting   | |  1.0
Fire Magic     | |  2.8

Action                   || total
-------------------------++-------
Melee: Mace              ||    15
Invok: Foxfire Swarm     ||     1
       Fiery Armour      ||     1
Armor: Robe              ||     7
Dodge: Dodged            ||    19
